 Dungeon Crawl Stone Soup version 0.30.0-10-gfe55d96785 (webtiles) character file.

Game seed: 1401856647710291290

70109 RascalDebosk the Fighter (level 15, -1/131 HPs)
             Began as a Djinni Conjurer on May 15, 2023.
             Was an Elder of Ashenzari.
             Slain by a black mamba (4 damage)
             ... led by a naga ritualist
             ... on level 1 of the Snake Pit.
             The game lasted 02:53:48 (18670 turns).

RascalDebosk the Fighter (Djinni Conjurer)         Turns: 18670, Time: 02:53:49

Health: -1/131     AC: 10    Str:  6    XL:     15   Next: 76%
Gold:   1347       EV: 14    Int: 31    God:    Ashenzari [****..] SH:  5 Dex: 12

rFire   + + +        l - +3 rapier (elec)
rCold   + . .        (no shield)
rNeg    . . .        K - +0 troll leather armour
rPois   ∞            i - +2 hat "Soothsayer of Ashenzari" {rElec rF+ Int+4 Stlth+, Fort, Self} (curse)
rElec   +            s - +0 cloak of the Lashed Dogma {Self, Melee} (curse)
rCorr   .            b - +0 pair of gloves of Ashenzari's Secrets {Fort, Self} (curse)
SInv    +            (boots unavailable)
Will    +....        P - amulet "Thunder Perfect Mind" {Reflect SH+5, Self, Fort} (curse)
Stlth   +++++        q - ring "Manifest Soothsayer" {rC+, Melee, Self} (curse)
HPRegen 1.21/turn    I - ring of the Eternal Yoke {rC+, Self, Cun} (curse)
MPRegen 0.00/turn

%: reflection, clarity, infuse magic (-2 HP)
@: flying, studying Short Blades
A: sickness immunity, fire resistance 2, cold vulnerability 1, float, innate
caster, HP casting, extra vitality 1
a: Renounce Religion, Curse Item, Shatter the Chains


You were on level 1 of the Snake Pit.
You worshipped Ashenzari.
Ashenzari was greatly pleased with you.
You visited 5 branches of the dungeon, and saw 19 of its levels.

You collected 2054 gold pieces.
You spent 707 gold pieces at shops.

Inventory:

Hand Weapons
 l - a +3 rapier of electrocution (weapon)
Missiles
 C - 2 throwing nets {@!f}
Armour
 b - the cursed +0 pair of gloves of Ashenzari's Secrets (worn) {Fort, Self}
   (You found it on level 1 of the Dungeon)

   It has a curse which improves the following skills: Fortitude: Armour and
   Shields.
   Introspection: Fighting and Spellcasting.
 i - the cursed +2 hat "Soothsayer of Ashenzari" (worn) {rElec rF+ Int+4 Stlth+, Fort, Self}
   (You acquired it on level 6 of the Dungeon)

   Int:       It affects your intelligence (+4).
   rF:        It protects you from fire.
   rElec:     It insulates you from electricity.
   Stlth:     It makes you more stealthy.
   It has a curse which improves the following skills: Fortitude: Armour and
   Shields.
   Introspection: Fighting and Spellcasting.
 s - the cursed +0 cloak of the Lashed Dogma (worn) {Self, Melee}
   (You found it on level 4 of the Dungeon)

   It has a curse which improves the following skills: Introspection: Fighting
   and Spellcasting.
   Melee Combat: Short Blades, Long Blades, Axes, Maces & Flails, Polearms,
   Staves and Unarmed Combat.
 K - a +0 troll leather armour (worn)
Jewellery
 q - the cursed ring "Manifest Soothsayer" (left hand) {rC+, Melee, Self}
   (You found it on level 3 of the Dungeon)

   [ring of protection from cold]

   rC:        It protects you from cold.
   It has a curse which improves the following skills: Melee Combat: Short
   Blades, Long Blades, Axes, Maces & Flails, Polearms, Staves and Unarmed
   Combat.
   Introspection: Fighting and Spellcasting.
 I - the cursed ring of the Eternal Yoke (right hand) {rC+, Self, Cun}
   (You found it on level 10 of the Dungeon)

   [ring of protection from cold]

   rC:        It protects you from cold.
   It has a curse which improves the following skills: Introspection: Fighting
   and Spellcasting.
   Cunning:   Dodging and Stealth.
 N - a ring of willpower
 O - a +4 ring of protection
 P - the cursed amulet "Thunder Perfect Mind" (around neck) {Reflect SH+5, Self, Fort}
   (You found it on level 7 of the Dungeon)

   [amulet of reflection]

   It reflects blocked missile attacks.
   SH:        It affects your SH (+5).
   It has a curse which improves the following skills: Introspection: Fighting
   and Spellcasting.
   Fortitude: Armour and Shields.
Wands
 o - a wand of paralysis (38)
 r - a wand of flame (22)
 y - a wand of acid (24)
 B - a wand of polymorph (25)
 E - a wand of mindburst (31)
 H - a wand of digging (5)
 J - a wand of iceblast (15)
Scrolls
 a - 5 scrolls of poison
 f - 3 scrolls of fog
 g - a scroll of blinking
 h - 3 scrolls of magic mapping
 j - 2 scrolls of fear
 p - a scroll of enchant armour
 t - 11 scrolls of teleportation
 u - a scroll of immolation
 A - 6 scrolls of noise
 D - a scroll of torment
Potions
 c - 2 potions of might
 d - 6 potions of brilliance
 e - 2 potions of haste
 k - 4 potions of invisibility
 m - 11 potions of curing
 n - 3 potions of mutation
 v - 3 potions of resistance
 x - a potion of heal wounds
 z - 3 potions of attraction
 G - 2 potions of cancellation
 L - a potion of lignification
 M - 3 potions of ambrosia
Miscellaneous
 F - a phial of floods


   Skills:
 * Level 14.7(20.4) Fighting
 - Level 11.3(14.0) Short Blades
 - Level 5.4(8.9) Armour
 + Level 6.3(8.2) Dodging
 + Level 9.7(11.5) Stealth
 * Level 12.2(18.0) Spellcasting
 + Level 6.8 Evocations


You knew the following spells:

 Your Spells              Type           Power      Damage    Failure   Level
a - Magic Dart            Conj           100%       1d8       0%          1
b - Searing Ray           Conj           100%       2d8       0%          2
c - Dazzling Flash        Conj/Hex       100%       N/A       0%          3
d - Fulminant Prism       Conj/Hex       48%        3d20      0%          4
e - Iskenderun's Mystic   Conj/Tloc      96%        2d19      0%          4
f - Sandblast             Erth           100%       2d20      0%          1
g - Ensorcelled Hibernat  Hex/Ice        100%       N/A       0%          2
h - Tukima's Dance        Hex            96%        N/A       0%          3
i - Anguish               Hex/Necr       48%        N/A       0%          4
j - Irradiate             Conj/Tmut      48%        3d27      1%          5
k - Agony                 Necr           96%        N/A       1%          5
l - Eringya's Noxious Bo  Tmut/Pois      48%        N/A       1%          6
Your spell library was empty.

Dungeon Overview and Level Annotations

Branches:
Dungeon (10/15)            Temple (1/1) D:4            Lair (5/5) D:8
 Shoals (0/4) Lair:2        Snake (1/4) Lair:2        Slime (0/5) Lair:5
    Orc (2/2) D:10            Elf (0/3) Orc:2

Altars:
Ashenzari
Cheibriados
Dithmenos
Elyvilon
Fedhas
Gozag
Hepliaklqana
Makhleb
Nemelex Xobeh
Okawaru
Qazlal
Ru
Trog
Uskayaw
Wu Jian
Xom
Yredelemnul
Zin
The Shining One
Jiyva

Shops:
Orc:1 [   Orc:2 ([*

Annotations:
D:10 1 runed translucent door


Innate Abilities, Weirdness & Mutations

You are immune to sickness and miasma.
You are immune to poison.
Your flesh is very heat resistant. (rF++)
You are vulnerable to cold. (rC-)
You float through the air rather than walking.
You learn spells naturally, not from books.
Your magical power is your life essence.
You have superior vitality. (+4 MHP)


Message History

You hear an angry hiss.
The naga sharpshooter mumbles some strange words.
The naga sharpshooter magically shoots a bolt.
The bolt hits you!
The shock serpent shoots out a bolt of lightning at you!
The bolt of electricity hits you. You resist.
* * * LOW HITPOINT WARNING * * *
The bolt of electricity misses you.
Casting: Iskenderun's Mystic Blast (safe; 0% risk of failure)
Confirm with . or Enter, or press ? or * to list all spells.
Aiming: Fulminant Prism (safe; 0% risk of failure)
Press: ? - help, Dir - move target, p - shock serpent You conjure a prism of explosive energy!
* * * LOW HITPOINT WARNING * * *
A fulminant prism comes into view.
The shock serpent shoots out a bolt of lightning at you!
The bolt of electricity misses you. The bolt of electricity hits you!
You resist.
* * * LOW HITPOINT WARNING * * *
The naga sharpshooter gestures wildly while chanting.
The naga sharpshooter magically shoots a bolt.
The bolt hits you but does no damage.
The naga sharpshooter shoots a bolt.
The bolt hits your fulminant prism!!
Your fulminant prism detonates feebly.
Casting: Fulminant Prism (safe; 0% risk of failure)
Confirm with . or Enter, or press ? or * to list all spells.
You erupt in a blast of force!
The mystic blast hits the shock serpent!
The shock serpent is almost dead.
The shock serpent is knocked back by the mystic blast.
* * * LOW HITPOINT WARNING * * *
The shock serpent's electric aura discharges, shocking you!
You resist.
You hear a shout!
You hear an angry hiss.
The naga sharpshooter mumbles some strange words.
The naga sharpshooter magically shoots a bolt.
The bolt hits you!
* * * LOW HITPOINT WARNING * * *
The shock serpent shoots out a bolt of lightning at you!
The bolt of electricity misses you.
An anaconda comes into view.
The naga sharpshooter shoots a bolt.
The bolt misses you.
The shock serpent shoots out a bolt of lightning at you!
The bolt of electricity hits you. You resist.
* * * LOW HITPOINT WARNING * * *
A black mamba comes into view.
A naga warrior comes into view. It is wielding a +0 glaive.
The naga warrior roars a battlecry!
You block the anaconda's attack. x2; The anaconda grabs you.
The anaconda bites you.
* * * LOW HITPOINT WARNING * * *
The anaconda constricts you.
* * * LOW HITPOINT WARNING * * *
You feel much better. The anaconda bites you.
* * * LOW HITPOINT WARNING * * *
The anaconda constricts you.
* * * LOW HITPOINT WARNING * * *
The anaconda bites you!
* * * LOW HITPOINT WARNING * * *
The anaconda constricts you.
* * * LOW HITPOINT WARNING * * *
Casting: Iskenderun's Mystic Blast (safe; 0% risk of failure)
Confirm with . or Enter, or press ? or * to list all spells.
You erupt in a blast of force!
The mystic blast hits the shock serpent!!
You kill the shock serpent!
The mystic blast hits the black mamba!
The black mamba is moderately wounded.
The black mamba is knocked back by the mystic blast.
The mystic blast hits the anaconda!!
The anaconda is moderately wounded.
The anaconda loses its grip on you.
The anaconda is knocked back by the mystic blast.
* * * LOW HITPOINT WARNING * * *
The air sparks with electricity, shocking you!
You resist.
The black mamba bites you but does no damage.
The black mamba barely misses you. The anaconda attacks as you move away!
The anaconda barely misses you. The anaconda bites you!
* * * LOW HITPOINT WARNING * * *
A salamander mystic comes into view. It is wielding a +0 quarterstaff.
The anaconda grabs you. The anaconda bites you.
* * * LOW HITPOINT WARNING * * *
The anaconda constricts you.
* * * LOW HITPOINT WARNING * * *
You escape the anaconda's grasp.
A mana viper comes into view.
The black mamba bites you!
* * * LOW HITPOINT WARNING * * *
The anaconda grabs you.
The anaconda bites you but does no damage.
The anaconda constricts you.
* * * LOW HITPOINT WARNING * * *
You escape the anaconda's grasp.
The black mamba attacks as you move away!
The black mamba bites you!
* * * LOW HITPOINT WARNING * * *
The black mamba bites you.
You die...

####### #.....# #.....#
* * #.....# ,,, #.....#
,,, ,, #.....# * , *
#..S@.###### , ,
**#######..S.†...).. * ,
, ,.................. *
**
*#####..####..>...,,*,
*##########............,
*
.................[....,
*
,.)#....N...{........##
...................... ,
,
,,......N†..############
,


You could see a naga warrior, an anaconda and a black mamba.

Vanquished Creatures
  Mlioglotl (Snake:1)
  A fire dragon (Lair:5)
  4 ogre magi (Orc:2)
  2 hydras (Lair:5)
  Erica (Lair:1)
  An anaconda (Snake:1)
  4 death yaks (Lair:5)
  16 two-headed ogres
  A shock serpent (Snake:1)
  An orc high priest (Orc:2)
  Amaemon (Lair:1)
  A skyshark (Lair:4)
  A swamp dragon (Lair:5)
  An orc knight (Orc:1)
  4 harpies (Lair:2)
  2 orc sorcerers
  A wolf spider (Lair:5)
  6 elephants
  A torpor snail (Lair:2)
  15 cane toads
  17 black mambas
  2 naga magi (Snake:1)
  A guardian serpent (Lair:5)
  The ghost of zlionsfan the Firebug, a novice DrFE (D:6)
  A gargoyle (D:10)
  An orange demon (Lair:1)
  An unseen horror (D:6)
  3 rime drakes
  8 komodo dragons
  3 trolls
  12 blink frogs
  13 dancing weapons
  4 hornets
  11 dream sheep
  A shadow (D:10)
  16 wyverns
  41 yaks
  5 basilisks
  A redback (Lair:5)
  5 steam dragons
  4 nagas (Snake:1)
  5 wargs
  21 water moccasins
  10 orc warriors
  A swamp drake (Lair:5)
  A sky beast (D:7)
  23 ogres
  14 wolves
  A centaur (D:9)
  A phantom (D:5)
  3 kobold brigands
  9 bullfrogs
  3 gnoll sergeants
  2 scorpions
  5 wights
  9 killer bees
  7 howler monkeys
  4 hounds
  3 jellies
  8 orc priests
  A gnoll bouda (D:6)
  8 iguanas
  5 sleepcaps
  Ijyb (D:5)
  15 orc wizards
  22 gnolls
  10 adders
  4 shadow imps
  A white imp (D:8)
  4 ufetubi
  A worm (D:5)
  3 dart slugs
  51 orcs
  6 ball pythons
  5 bats
  7 endoplasms
  8 goblins
  4 hobgoblins
  3 jackals (D:4)
  3 frilled lizards (D:1)
  22 kobolds
  6 rats
  A fulminant prism (Orc:2)
537 creatures vanquished.

Vanquished Creatures (collateral kills)
  2 two-headed ogres
  Maggie (Lair:1)
  A troll (Orc:2)
  An orc warrior (Orc:2)
  6 ogres (Orc:2)
  An orc priest (Orc:2)
  2 orc wizards
  A gnoll (D:9)
  An orc (D:10)
  3 goblins
19 creatures vanquished.

Vanquished Creatures (others)
  5 dancing weapons
  127 fulminant prisms
132 creatures vanquished.

Grand Total: 688 creatures vanquished

Notes
Turn   | Place    | Note
-------+----------+-------------------------------------------
     0 | D:1      | RascalDebosk the Djinni Conjurer began the quest for the
                  | Orb.
     0 | D:1      | RascalDebosk set off with the following spells memorised:
                  | Magic Dart, Searing Ray, Dazzling Flash, Fulminant Prism,
                  | Iskenderun's Mystic Blast.
     0 | D:1      | Reached XP level 1. HP: 15/15 MP: 0/0
   124 | D:1      | Reached XP level 2. HP: 15/21 MP: 0/0
  1160 | D:2      | Identified the +0 leather armour of the Illusory Dreams
                  | {rElec Int+3}
  1213 | D:2      | Reached XP level 3. HP: 7/26 MP: 0/0
  1213 | D:2      | Learned a level 1 spell: Sandblast
  1246 | D:2      | Reached XP level 4. HP: 12/31 MP: 0/0
  1488 | D:2      | Reached skill level 1 in Fighting
  1940 | D:2      | Found a faded altar of an unknown god.
  2390 | D:3      | Found a broken altar of Ashenzari.
  2399 | D:3      | Became a worshipper of Ashenzari the Shackled
  2438 | D:3      | Reached skill level 1 in Armour
  2494 | D:3      | Reached XP level 5. HP: 35/37 MP: 0/0
  2494 | D:3      | Learned a level 2 spell: Ensorcelled Hibernation
  2570 | D:3      | Reached skill level 2 in Fighting
  2628 | D:3      | Noticed an ogre
  2634 | D:3      | Killed an ogre
  2635 | D:3      | Reached XP level 6. HP: 31/45 MP: 0/0
  2947 | D:3      | Found a glowing golden altar of the Shining One.
  3113 | D:3      | Reached skill level 3 in Fighting
  3547 | D:4      | Found a staircase to the Ecumenical Temple.
  3582 | D:4      | Noticed an ogre
  3595 | Temple   | Entered the Ecumenical Temple
  3726 | D:4      | Killed an ogre
  3727 | D:4      | Reached XP level 7. HP: 38/51 MP: 0/0
  3727 | D:4      | Learned a level 3 spell: Tukima's Dance
  4205 | D:4      | Reached skill level 5 in Spellcasting
  4368 | D:4      | Reached skill level 4 in Fighting
  4371 | D:4      | Reached XP level 8. HP: 47/58 MP: 0/0
  4707 | D:4      | Found an ornate altar of the Wu Jian Council.
  4748 | D:5      | Entered Level 5 of the Dungeon
  4949 | D:5      | Noticed Ijyb
  4974 | D:5      | Paralysed by Ijyb for 4 turns
  4981 | D:5      | Killed Ijyb
  5200 | D:5      | Noticed a two-headed ogre
  5224 | D:5      | Killed a two-headed ogre
  5225 | D:5      | Reached skill level 5 in Fighting
  5225 | D:5      | Reached XP level 9. HP: 7/66 MP: 0/0
  5225 | D:5      | Learned a level 4 spell: Anguish
  5747 | D:5      | Found a snail-covered altar of Cheibriados.
  5886 | D:5      | Reached skill level 6 in Fighting
  6119 | D:6      | Found a runed translucent door.
  6125 | D:6      | Noticed zlionsfan's ghost (novice DrFE)
  6359 | D:6      | Reached * piety under Ashenzari
  6359 | D:6      | Identified a scroll of acquirement
  6363 | D:6      | Acquired the +2 hat "Eragixit" {rElec rF+ Int+4 Stlth+}
  6819 | D:6      | Reached skill level 1 in Evocations
  6862 | D:6      | Killed an unseen horror
  7024 | D:6      | Reached ** piety under Ashenzari
  7402 | D:7      | Reached skill level 7 in Fighting
  7480 | D:7      | Reached skill level 1 in Short Blades
  7480 | D:7      | Reached XP level 10. HP: 56/78 MP: 0/0
  7971 | D:7      | Reached skill level 5 in Armour
  8079 | D:7      | Found a shimmering altar of Xom.
  8079 | D:7      | Found a sacrificial altar of Ru.
  8143 | D:8      | Noticed a two-headed ogre
  8152 | D:8      | Killed a two-headed ogre
  8153 | D:8      | Reached skill level 5 in Stealth
  8255 | D:8      | Found a faded altar of an unknown god.
  8255 | D:8      | Found a faded altar of an unknown god.
  8257 | D:8      | Found a hazy altar of Hepliaklqana.
  8435 | D:8      | Noticed an elephant
  8449 | D:8      | Killed an elephant
  8450 | D:8      | Reached skill level 8 in Fighting
  8688 | D:8      | Found a staircase to the Lair.
  8793 | D:8      | Reached *** piety under Ashenzari
  8988 | D:8      | Found an opulent altar of Gozag.
  9089 | D:8      | Found a burning altar of Makhleb.
  9539 | D:8      | Found a shadowy altar of Dithmenos.
  9685 | D:9      | Reached XP level 11. HP: 82/89 MP: 0/0
  9685 | D:9      | Learned a level 5 spell: Irradiate
 10145 | D:9      | Found a basalt altar of Yredelemnul.
 10280 | D:9      | Reached skill level 9 in Fighting
 10527 | D:9      | Noticed a two-headed ogre
 10534 | D:9      | Reached skill level 5 in Short Blades
 10538 | D:9      | Killed a two-headed ogre
 10993 | D:10     | Entered Level 10 of the Dungeon
 11007 | D:10     | Noticed a two-headed ogre
 11011 | D:10     | Killed a two-headed ogre
 11017 | D:10     | Found an iron altar of Okawaru.
 11102 | D:10     | Found a runed translucent door.
 11108 | D:10     | Noticed a fire crab
 11492 | D:10     | Found a white marble altar of Elyvilon.
 11640 | D:10     | Found a staircase to the Orcish Mines.
 12047 | D:6      | Killed zlionsfan's ghost
 12048 | D:6      | Reached skill level 10 in Fighting
 12168 | Orc:1    | Entered Level 1 of the Orcish Mines
 12183 | Orc:1    | Reached XP level 12. HP: 82/96 MP: 0/0
 12297 | Orc:1    | Noticed a soul eater
 12683 | Orc:1    | Found Ven Sili's Antique Armour Shop.
 12807 | Orc:2    | Entered Level 2 of the Orcish Mines
 12833 | Orc:2    | Noticed a two-headed ogre
 12899 | Orc:2    | Noticed an ogre mage
 12906 | Orc:2    | Killed a two-headed ogre
 12908 | Orc:2    | Killed an ogre mage
 12920 | Orc:2    | Noticed an ogre mage
 12970 | Orc:2    | Noticed a two-headed ogre
 12970 | Orc:2    | Noticed a two-headed ogre
 12975 | Orc:2    | Noticed an ogre mage
 12976 | Orc:2    | Noticed a two-headed ogre
 12978 | Orc:2    | Noticed an ogre mage
 12981 | Orc:2    | Killed a two-headed ogre
 12981 | Orc:2    | Noticed a two-headed ogre
 12981 | Orc:2    | Killed a two-headed ogre
 12981 | Orc:2    | Killed an ogre mage
 12982 | Orc:2    | Reached skill level 11 in Fighting
 12986 | Orc:2    | Killed a two-headed ogre
 12987 | Orc:2    | Killed an ogre mage
 12989 | Orc:2    | Killed an ogre mage
 12990 | Orc:2    | Reached XP level 13. HP: 38/104 MP: 0/0
 12990 | Orc:2    | Learned a level 5 spell: Agony
 13007 | Orc:2    | Reached skill level 10 in Spellcasting
 13144 | Orc:2    | Reached skill level 12 in Fighting
 13220 | Orc:2    | Paralysed by an orc sorcerer for 4 turns
 13351 | Orc:2    | Found a staircase to the Elven Halls.
 13597 | Orc:2    | Found Ybicsep's Distillery.
 13597 | Orc:2    | Found Pucep's Antique Armour Emporium.
 13598 | Orc:2    | Found Caloff's Antique Weapon Emporium.
 13598 | Orc:2    | Found Ovir's General Store.
 13607 | Orc:2    | Bought a scroll of enchant weapon for 135 gold pieces
 13611 | Orc:2    | Bought a potion of invisibility for 104 gold pieces
 13611 | Orc:2    | Bought a potion of lignification for 39 gold pieces
 13611 | Orc:2    | Bought a potion of brilliance for 52 gold pieces
 13611 | Orc:2    | Bought a potion of brilliance for 52 gold pieces
 13611 | Orc:2    | Bought a potion of curing for 39 gold pieces
 13611 | Orc:2    | Bought a potion of curing for 39 gold pieces
 13611 | Orc:2    | Bought a potion of curing for 39 gold pieces
 13611 | Orc:2    | Bought 2 potions of ambrosia for 208 gold pieces
 13834 | Lair:1   | Entered Level 1 of the Lair of Beasts
 13836 | Lair:1   | Noticed Erica
 13843 | Lair:1   | Killed Erica
 13977 | Lair:1   | Noticed Amaemon
 13989 | Lair:1   | Killed Amaemon
 14492 | Lair:1   | Noticed Maggie
 14495 | Lair:1   | Killed Maggie
 14762 | Lair:2   | Found a staircase to the Shoals.
 14766 | Lair:2   | Reached XP level 14. HP: 105/119 MP: 0/0
 14769 | Lair:2   | Reached skill level 13 in Fighting
 14782 | Lair:2   | Reached skill level 10 in Short Blades
 15007 | Lair:2   | Found a staircase to the Snake Pit.
 15579 | Lair:3   | Reached skill level 5 in Evocations
 16617 | Lair:4   | Reached **** piety under Ashenzari
 17363 | Lair:5   | Entered Level 5 of the Lair of Beasts
 17409 | Lair:5   | Found a staircase to the Slime Pits.
 17427 | Lair:5   | Found a viscous altar of Jiyva.
 17563 | Lair:5   | Reached XP level 15. HP: 124/130 MP: 0/0
 17563 | Lair:5   | Learned a level 6 spell: Eringya's Noxious Bog
 17569 | Lair:5   | Reached skill level 5 in Dodging
 17645 | Lair:5   | Reached skill level 14 in Fighting
 18569 | Snake:1  | Entered Level 1 of the Snake Pit
 18569 | Snake:1  | Noticed Mlioglotl
 18584 | Snake:1  | Killed Mlioglotl
 18670 | Snake:1  | HP: 2/131 [black mamba[a naga ritualist] (9)]
 18670 | Snake:1  | Slain by a black mamba

Illustrated notes

Levels and vault maps discovered:
D:1:      tarquinn_simple_flora_water_d, layout_loops_corners
D:2:      layout_loops_ring, chequers_ecumenical_altar_lobes,
          minmay_stone_trees_large, kennysheep_generic_room_13
D:3:      layout_basic, mainiacjoe_overflow_boulevard,
          mainiacjoe_overflow_catwalk, minmay_misc_feat_chi
D:4:      layout_basic, nicolae_wu_jian_glorious_leap,
          minmay_temple_entry_sparse_star
D:5:      kennysheep_big_flooded_room, layout_basic, old_standard_altar,
          lemuel_round_altar, water_maze_lemuel, uniq_ijyb
D:6:      layout_basic, lemuel_crystal_altar, ebering_ghost_reflecting_pool,
          kennysheep_pointless_box, nicolae_sextant, minmay_manual_macuahuitl
D:7:      layout_basic, gammafunk_temple_overflow_statue
D:8:      layout_loops_corners, nicolae_hepliaklqana_ecumenical_no_more,
          mainiacjoe_overflow_paths, kennysheep_little_box,
          nicolae_dithmenos_through_a_glass_darkly, david_lair_generic,
          hangedman_decor_push, chequers_serial_rivers_large_b,
          amcnicky_mini_rare_corridor_liquid
D:9:      layout_stronghold, lemuel_tele_altar
D:10:     gammafunk_mikee_crab_dinner, layout_long_grid,
          nicolae_overflow_crystal_walls, kennysheep_okawaru_gauntlet
Temple:   nicolae_temple_ecumenical_triangle
Lair:1:   layout_regular_city, uniq_maggie, uniq_erica, uniq_amaemon
Lair:2:   layout_chaotic_city, nicolae_shoals_entry_roost,
          minmay_snake_entry_six_corridors
Lair:3:   layout_gridlike
Lair:4:   layout_cave_shapes, lemuel_fruit_tree
Lair:5:   guppyfry_lair_end_dragon, layout_cave_shapes,
          hangedman_lair_tendril_chambers, slime_entry_1
Snake:1:  layout_rooms, uniq_mlioglotl
Orc:1:    layout_caves, serial_shops, nicolae_lakefront_shop
Orc:2:    st_orc_ogre_mass, layout_caves, basic_altar

Skill      XL: |  1  2  3  4  5  6  7  8  9 10 11 12 13 14 15 |
---------------+----------------------------------------------+-----
Spellcasting   | 4 5 6 7 8 9 10 11 12 | 12.2
Fighting       | 1 2 3 4 5 7 8 10 11 12 13 14 | 14.7
Armour         | 1 2 3 4 5 |  5.4
Stealth        | 2 3 4 5 6 7 8 9 |  9.7
Evocations     | 2 3 4 5 6 |  6.8
Short Blades   | 1 4 6 8 9 10 11 | 11.3
Dodging        | 4 6 |  6.3

Action                     |  1- 3 |  4- 6 |  7- 9 | 10-12 | 13-15 || total
---------------------------+-------+-------+-------+-------+-------++-------
  Melee: Rapier            |       |     8 |    52 |     4 |   137 ||   201
         Punch             |       |       |     2 |       |     4 ||     6
   Cast: Magic Dart        |    24 |    21 |    33 |    47 |    35 ||   160
         Searing Ray       |    10 |    14 |    31 |    20 |    16 ||    91
         Iskenderun's Myst |       |    12 |    31 |    86 |   166 ||   295
         Fulminant Prism   |       |     4 |    13 |    53 |    58 ||   128
         Ensorcelled Hiber |       |     3 |     6 |       |   110 ||   119
         Sandblast         |       |     2 |    14 |    14 |    44 ||    74
         Tukima's Dance    |       |       |     8 |    52 |    33 ||    93
         Anguish           |       |       |       |     2 |     1 ||     3
         Dazzling Flash    |       |       |       |     1 |       ||     1
         Eringya's Noxious |       |       |       |       |     1 ||     1
 Invoke: Curse Item        |       |     1 |     2 |     1 |     3 ||     7
         Shatter the Chain |       |       |       |     1 |       ||     1
  Evoke: Wand              |       |       |     1 |       |       ||     1
    Use: Scroll            |       |       |     1 |     2 |     4 ||     7
         Potion            |       |       |       |       |     1 ||     1
   Stab: Sleeping          |       |     2 |     5 |       |    56 ||    63
         Paralysed         |       |       |     2 |       |       ||     2
 Armour: Leather armour    |       |    12 |    26 |     4 |       ||    42
         Troll leather arm |       |       |       |     4 |    46 ||    50
  Dodge: Dodged            |     5 |    19 |    33 |    28 |    88 ||   173
  Block: Other             |       |       |       |     5 |    35 ||    40
         Reflection        |       |       |       |     2 |       ||     2
